 Dungeon Crawl Stone Soup version 0.31-a0-161-gb58dd9be76 (webtiles) character file.

Game seed: 6707209473512372488

501 JoshKwa the Covered (level 6, -2/49 HPs)
             Began as a Minotaur Fighter on June 11, 2023.
             Slain by Grinder (4 damage)
             ... on level 4 of the Dungeon on June 13, 2023.
             The game lasted 00:13:58 (3539 turns).

JoshKwa the Covered (Minotaur Fighter)              Turns: 3539, Time: 00:13:59

Health: -2/49      AC: 12    Str: 23    XL:     6   Next: 95%
Magic:  5/5        EV:  6    Int:  5    God:
Gold:   156        SH:  4    Dex:  9    Spells: 3/5 levels left

rFire   . . .        o - +2 short sword (flame)
rCold   + . .        c - +0 buckler
rNeg    . . .        e - +0 plate armour
rPois   .            i - +0 hat
rElec   .            (no cloak)
rCorr   .            (no gloves)
SInv    .            (no boots)
Will    +....        (no amulet) Stlth
                     (no ring)
HPRegen 0.28/turn    (no ring)
MPRegen 0.09/turn

%: no passive effects
@: enlightened, flying
A: horns 2, retaliatory headbutt, cold resistance 1, frail 1
a: no special abilities


You were on level 4 of the Dungeon.
You visited 1 branch of the dungeon, and saw 4 of its levels.
You also visited: Sewer.

You collected 156 gold pieces.

Inventory:

Hand Weapons
 o - a +2 short sword of flaming (weapon)
Armour
 c - a +0 buckler (worn)
 e - a +0 plate armour (worn)
 i - a +0 hat (worn)
Jewellery
 j - an amulet of faith
Scrolls
 l - a scroll of identify
Potions
 b - 2 potions of enlightenment
 h - a potion of mutation


   Skills:
 + Level 4.8 Fighting
 + Level 2.4 Short Blades
 + Level 5.4 Axes
 + Level 5.6 Armour
 + Level 1.1 Dodging
 + Level 0.1 Stealth
 + Level 4.9 Shields


You had 3 spell levels left.
You knew the following spells:

 Your Spells              Type           Power      Damage    Failure   Level
a - Scorch                Fire           0%         2d5       100%        2

Your spell library contained the following spells:

 Spells                   Type           Power      Damage    Failure   Level
 Beastly Appendage        Tmut           0%         N/A       100%        1
 Wereblood                Tmut           0%         N/A       100%        2
 Spider Form              Tmut/Pois      0%         N/A       100%        3
 Volatile Blastmotes      Fire/Tloc      0%         2d10      100%        3
 Anguish                  Hex/Necr       0%         N/A       100%        4
 Flame Wave               Conj/Fire      0%         2d4       100%        4


Dungeon Overview and Level Annotations

Branches:
Dungeon (4/15)             Temple (0/1) D:4           Sewer (visited)

Altars:
Qazlal

Annotations:
D:4 Grinder


Innate Abilities, Weirdness & Mutations

You have a pair of horns on your head.
You reflexively headbutt those who attack you in melee.
Your flesh is cold resistant. (rC+)
You are frail. (-10% HP)


Message History

The giant cockroach barely misses you.
Okay, then.
You feel very buoyant.
You fly up into the air.
Grinder gestures at you. You resist with some effort.
The giant cockroach bites you but does no damage.
The giant cockroach attacks as you move away!
The giant cockroach bites you.
* * * LOW HITPOINT WARNING * * *
The giant cockroach attacks as you move away!
The giant cockroach bites you but does no damage.
The giant cockroach barely misses you. You furiously retaliate!
You headbutt the giant cockroach!
You kill the giant cockroach!
Grinder blinks!
Grinder says, "FISH!"
Grinder hits you but does no damage.
You closely miss Grinder.
Grinder is lightly wounded.
You block Grinder's attack.
You closely miss Grinder. You headbutt Grinder.
Grinder is moderately wounded.
You block Grinder's attack.
You hit Grinder. You burn Grinder.
Grinder is moderately wounded.
Grinder hits you.
* * * LOW HITPOINT WARNING * * *
You writhe in agony.
* * * LOW HITPOINT WARNING * * *
You hit Grinder. You burn Grinder.
Grinder is heavily wounded.
Grinder says, "There's only one good use for a tongue: cutting it out."
Grinder hits you but does no damage.
You hit Grinder. You burn Grinder.
Grinder is heavily wounded.
Grinder hits you.
* * * LOW HITPOINT WARNING * * *
You writhe in agony.
You die...

..............+
####.........##
.....###......#
.....#...#'##.# #####
.....#.###.##.# #...#
....##. #.##.# #.#.#
#### #.###'##'###.#5#
#...~~§......#.# ##
#..~§§~~..5@.#.# .#
.#
....~§§~§~~....#.#..#
.#
....~§§>~§§....#.#..#
....~§§~§§§#.###.#..#
.....~~§~~.#.# #.#..#
......§§~....# #....#
###'###.#...## #..#.#
#. ## ###†.# # #....#


You could see Grinder.

Vanquished Creatures
  A scorpion (D:4)
  A howler monkey (D:4)
  2 orc priests (D:3)
  3 orc wizards
  10 adders
  4 gnolls (D:4)
  3 river rats (Sewer)
  3 worms (D:3)
  11 orcs
  6 endoplasms
  8 giant cockroaches
  4 goblins
  4 hobgoblins
  6 jackals
  4 quokkas
  7 ball pythons
  8 bats
  5 frilled lizards
  7 kobolds
  7 rats
104 creatures vanquished.

Vanquished Creatures (collateral kills)
  An adder (D:3)
1 creature vanquished.

Grand Total: 105 creatures vanquished

Notes
Turn   | Place    | Note
-------+----------+-------------------------------------------
     0 | D:1      | JoshKwa the Minotaur Fighter began the quest for the Orb.
     0 | D:1      | Reached XP level 1. HP: 19/19 MP: 0/0
   374 | D:1      | Reached XP level 2. HP: 27/27 MP: 1/1
   671 | D:2      | Reached XP level 3. HP: 32/33 MP: 2/2
   705 | D:2      | Got the Vellum of Wildfire and Unhallowed Mysteries
   714 | D:2      | Learned a level 2 spell: Scorch
  1201 | D:3      | Found a stormy altar of Qazlal.
  1228 | D:3      | Found a glowing drain.
  1244 | D:3      | Reached XP level 4. HP: 40/40 MP: 3/3
  1255 | Sewer    | Entered a sewer
  1570 | Sewer    | Reached XP level 5. HP: 42/46 MP: 4/4
  1958 | D:3      | Reached skill level 5 in Axes
  1958 | D:3      | Reached skill level 1 in Dodging
  1972 | D:3      | Reached XP level 6. HP: 22/53 MP: 5/5
  2056 | D:3      | Found a faded altar of an unknown god.
  2352 | D:4      | Upgraded the game from 0.31-a0-154-g56bf346678 to
                  | 0.31-a0-161-gb58dd9be76
  2483 | D:4      | Reached skill level 1 in Short Blades
  2493 | D:4      | Reached skill level 5 in Armour
  2526 | D:4      | Gained mutation: Your flesh is cold resistant. (rC+)
                  | [potion of mutation]
  2526 | D:4      | Gained mutation: You are frail. (-10% HP) [potion of
                  | mutation]
  2533 | D:3      | HP: 2/47 [orc/+0 club (1)]
  3465 | D:4      | Found a staircase to the Ecumenical Temple.
  3490 | D:4      | Noticed Grinder
  3495 | D:4      | Paralysed by Grinder for 4 turns
  3539 | D:4      | HP: 2/49 [Grinder (3)]
  3539 | D:4      | Slain by Grinder

Illustrated notes

Levels and vault maps discovered:
D:1:      mainiacjoe_arrival_reflecting_pool, layout_rooms
D:2:      minmay_alternating_diamond, layout_basic
D:3:      cheibrodos_pilgrimage, layout_basic, nicolae_overflow_hidden_temple,
          mainiacjoe_overflow_tiny_flanked,
          hellmonk_ecumenical_altar_defaced_shrine, gup_sewer_entry_glass,
          minmay_circle_x
D:4:      layout_basic, fedhas_ov_isle_minmay, minmay_temple_entry_mist,
          uniq_grinder

Skill      XL: |  1  2  3  4  5  6 |
---------------+-------------------+-----
Armour         | 4 5 |  5.6
Shields        | 4 |  4.9
Fighting       | 4 |  4.8
Axes           | 3 4 5 |  5.4
Dodging        | 1 |  1.1
Short Blades   | 2 |  2.4
Stealth        | |  0.1

Action                     |  1- 3 |  4- 6 || total
---------------------------+-------+-------++-------
  Melee: War axe           |    65 |    59 ||   124
         Headbutt          |     4 |    24 ||    28
         Short sword       |       |   160 ||   160
    Use: Scroll            |     4 |     7 ||    11
         Potion            |     1 |    10 ||    11
   Stab: Distracted        |       |     1 ||     1
 Armour: Scale mail        |    48 |       ||    48
         Plate armour      |     5 |   193 ||   198
  Dodge: Dodged            |    52 |    73 ||   125
  Block: Buckler           |    31 |    56 ||    87

Table legend: (Time is in decaauts)
 A = Elapsed time spent in this place.
 B = Non-inter-level travel time spent in this place.
 C = Inter-level travel time spent in this place.
 D = Time resting spent in this place.
 E = Time spent auto-exploring this place.
 F = Levels seen in this place.
 G = Mean time per level.
                   A        B        C        D        E       F      G
               +--------+--------+--------+--------+--------+-----+--------+
         Total |   3680 |   3380 |    300 |    850 |      0 |   5 |  736.0 |
       Dungeon |   3219 |   2919 |    300 |    850 |      0 |   4 |  804.8 |
         Sewer |    460 |    460 |      0 |      0 |      0 |   1 |  460.0 |
               +--------+--------+--------+--------+--------+-----+--------+

Top non-repeatable levels by time:
     D:3: 1635 daAuts
     D:2: 629 daAuts
     D:4: 524 daAuts
   Sewer: 460 daAuts
     D:1: 430 daAuts
